 Dungeon Crawl Stone Soup version 0.29-a0-451-gfbfa42419e (console) character file.

Game seed: 5351611207869813329

9968 Faeu the Cleaver (level 11, -1/105 HPs)
             Began as a Minotaur Berserker on May 19, 2022.
             Was a High Priest of Trog.
             Slain by a boulder beetle (21 damage)
             ... on level 10 of the Dungeon.
             The game lasted 00:44:01 (11802 turns).

Faeu the Cleaver (Minotaur Berserker)              Turns: 11802, Time: 00:44:02

Health: -1/105     AC: 17    Str: 26    XL:     11   Next: 30%
Magic:  10/10      EV:  7    Int:  4    God:    Trog [*****.]
Gold:   484        SH:  7    Dex: 16    Spells: 10/10 levels left

rFire   . . .      SeeInvis .   H - +1 hand axe (holy)
rCold   . . .      Faith    .   M - +0 kite shield
rNeg    . . .      Spirit   .   N - +0 plate armour
rPois   .          Reflect  .   (helmet restricted)
rElec   .          Harm     .   C - +0 cloak
rCorr   .          Rampage  .   (no gloves)
Will    .....                   (no boots)
Stlth   ..........              (no amulet)
HPRegen 0.27/turn               J - +6 ring of dexterity
MPRegen 0.12/turn               (no ring)

@: on berserk cooldown, slowed, very slow
A: horns 2, retaliatory headbutt
a: Renounce Religion, Berserk, Trog's Hand, Brothers in Arms


You were on level 10 of the Dungeon.
You worshipped Trog.
Trog was extremely pleased with you.
You visited 1 branch of the dungeon, and saw 11 of its levels.

You collected 484 gold pieces.

Inventory:

Hand Weapons
 a - a +0 hand axe
 x - a +4 long sword
 z - a +3 vorpal spear
 H - a +1 hand axe of holy wrath (weapon)
Missiles
 q - a throwing net
 u - 4 poisoned darts (quivered)
 A - a curare-tipped dart
Armour
 b - a +0 animal skin
 k - a +0 chain mail
 r - the +2 ring mail of Liberty {Will- rCorr Str+4}
   (You found it on level 4 of the Dungeon)

   Str:       It affects your strength (+4).
   rCorr:     It protects you from acid and corrosion.
   Will:      It decreases your willpower.
 C - a +0 cloak (worn)
 M - a +0 kite shield (worn)
 N - a +0 plate armour (worn)
Jewellery
 J - a +6 ring of dexterity (left hand)
Wands
 i - a wand of paralysis (5)
 p - a wand of digging (1)
 w - a wand of iceblast (9)
Scrolls
 c - 3 scrolls of magic mapping
 g - 4 scrolls of fog
 n - a scroll of immolation
 o - 5 scrolls of enchant weapon
 s - a scroll of blinking
 t - 2 scrolls of enchant armour
 y - a scroll of torment {unknown}
 B - 3 scrolls of fear
 D - 3 scrolls of noise
 E - a scroll of brand weapon {unknown}
 I - 2 scrolls of poison {unknown}
 L - a scroll of teleportation {unknown}
Potions
 d - a potion of lignification {unknown}
 e - 4 potions of curing
 f - 2 potions of heal wounds {unknown}
 h - 5 potions of haste
 j - a potion of degeneration {unknown}
 l - 3 potions of mutation
 m - 2 potions of might {unknown}
 v - 2 potions of flight
 F - a potion of berserk rage {unknown}
 G - 3 potions of attraction
 K - a potion of ambrosia {unknown}


   Skills:
 + Level 12.3 Fighting
 - Level 13.4 Axes
 + Level 12.0 Armour
 - Level 3.0 Dodging


You had 10 spell levels left.
You didn't know any spells.
Your spell library was empty.

Dungeon Overview and Level Annotations

Branches:
Dungeon (11/15)            Temple (0/1) D:5            Lair (0/6) D:8
    Orc (0/2) D:10

Altars:
Elyvilon

Portals:
Trove: D:10 (give 12 potions of heal wounds)

Annotations:
D:11 1 transporter


Innate Abilities, Weirdness & Mutations

You have a pair of horns on your head.
You reflexively headbutt those who attack you in melee.


Message History

You feel yourself slow down.
Okay, then.
Unknown command.
As you read the scroll labelled LARUYVOIBB, it crumbles to dust.
The creatures around you are filled with an inner flame!
It was a scroll of immolation.
Blink to where?
Press: ? - help, Dir - move target
Found a warped quarterstaff.
As you read the scroll labelled EWAREXT QOSIY, it crumbles to dust.
It was a scroll of blinking.
The boulder beetle hits you!!
The boulder beetle stops rolling and uncurls.
There is a stone staircase leading up, spattered with blood here.
The boulder beetle bites you!!
You climb upwards.
There is a stone staircase leading down here.
You hit the boulder beetle but do no damage.
The boulder beetle is lightly wounded.
The boulder beetle bites you!
* * * LOW HITPOINT WARNING * * *
You block the boulder beetle's attack.
You hit the boulder beetle but do no damage.
You headbutt the boulder beetle, but do no damage.
The boulder beetle is lightly wounded.
The boulder beetle bites you!!
* * * LOW HITPOINT WARNING * * *
You feel better. You block the boulder beetle's attack.
You hit the boulder beetle.
Flame seeps out of the boulder beetle. x2
You headbutt the boulder beetle.
The boulder beetle is moderately wounded.
The boulder beetle is engulfed in blazing flames.
Flame seeps out of the boulder beetle.
The boulder beetle bites you but does no damage.
The boulder beetle barely misses you.
You hit the boulder beetle but do no damage.
The boulder beetle is moderately wounded.
The boulder beetle is engulfed in blazing flames.
Flame seeps out of the boulder beetle.
The boulder beetle bites you!!
You die...

...####....#..........# #.......
...####....#.......#..# #......#
....##........[....#..####......#
##......##.........#............#
.###..###..#.......#............#
...####............#...##.......#
.........###......[#...##.......#
......#### #.......[[).##.......#
......# #...........##........
#####.# #...........##........ #
#.# #...B@.###..##........ # #.#
###......# #..##........ # #.#
##........# #..##........ # #[#
#..~~~~~..# #..##........ #####.#
#..~...~..# #............ ......#
#..~.\.~..###............
......###..~...~.................
...........~~~~~.................
.......###......^..##............
.......# ##........##............
.......# #........##............


You could see a boulder beetle (inner flame).

Vanquished Creatures
  3 two-headed ogres
  2 hornets (D:7)
  2 trolls (D:10)
  Prince Ribbit (D:8)
  10 yaks
  2 wyverns (D:9)
  2 water elementals (D:11)
  A human (D:7)
  3 hogs (D:7)
  3 vampire mosquitoes (D:10)
  4 water moccasins
  2 sky beasts
  An ice beast (D:5)
  4 orc warriors (D:10)
  2 ogres
  7 centaurs
  A kobold brigand (D:7)
  3 scorpions
  3 bullfrogs
  A gnoll sergeant (D:6)
  A necrophage (D:4)
  4 wights
  6 killer bees (D:10)
  5 howler monkeys
  6 orc priests
  6 hounds
  3 jellies
  5 iguanas
  13 orc wizards
  10 gnolls
  11 adders
  A shadow imp (D:8)
  2 white imps (D:7)
  A worm (D:2)
  3 dart slugs
  22 orcs
  4 endoplasms
  3 giant cockroaches
  7 goblins
  14 hobgoblins
  3 jackals (D:2)
  9 kobolds
  3 quokkas
  7 ball pythons
  4 bats
  6 frilled lizards
  A rat (D:3)
217 creatures vanquished.

Vanquished Creatures (others)
  4 fungi (D:4)
4 creatures vanquished.

Grand Total: 221 creatures vanquished

Notes
Turn   | Place    | Note
-------+----------+-------------------------------------------
     0 | D:1      | Faeu the Minotaur Berserker began the quest for the Orb.
     0 | D:1      | Reached XP level 1. HP: 19/19 MP: 0/0
   412 | D:1      | Reached XP level 2. HP: 27/27 MP: 1/1
   822 | D:2      | Reached skill level 4 in Axes
  1042 | D:2      | Reached XP level 3. HP: 29/33 MP: 2/2
  1681 | D:2      | Reached ** piety under Trog
  1747 | D:2      | Reached XP level 4. HP: 40/40 MP: 3/3
  2136 | D:3      | Reached skill level 5 in Axes
  2352 | D:3      | Reached XP level 5. HP: 47/47 MP: 4/4
  2474 | D:3      | Found a faded altar of an unknown god.
  2802 | D:3      | Found a white marble altar of Elyvilon.
  3234 | D:4      | Reached skill level 6 in Axes
  3624 | D:4      | Reached skill level 7 in Axes
  3624 | D:4      | Reached XP level 6. HP: 36/53 MP: 5/5
  4052 | D:4      | Identified the +2 ring mail of Liberty {Will- rCorr Str+4}
  4129 | D:4      | Noticed a water moccasin
  4150 | D:3      | Killed a water moccasin
  4151 | D:3      | Reached skill level 8 in Axes
  4336 | D:4      | Reached XP level 7. HP: 60/60 MP: 6/6
  4358 | D:4      | Reached *** piety under Trog
  4359 | D:4      | Reached skill level 9 in Axes
  4559 | D:5      | Entered Level 5 of the Dungeon
  4917 | D:5      | Reached skill level 10 in Axes
  5079 | D:5      | Reached skill level 11 in Axes
  5079 | D:5      | Reached XP level 8. HP: 67/67 MP: 7/7
  5145 | D:5      | Found a staircase to the Ecumenical Temple.
  5740 | D:5      | Reached skill level 12 in Axes
  6418 | D:6      | Reached skill level 13 in Axes
  6757 | D:7      | Reached **** piety under Trog
  6886 | D:7      | Reached XP level 9. HP: 69/73 MP: 8/8
  6891 | D:7      | Reached skill level 5 in Fighting
  7073 | D:7      | Reached skill level 5 in Armour
  8317 | D:8      | Found a staircase to the Lair.
  8540 | D:8      | You fall into a shaft and drop 2 floors!
  8540 | D:10     | Entered Level 10 of the Dungeon
  8544 | D:10     | Found a portal to a secret trove of treasure.
  8544 | D:10     | Noticed a two-headed ogre
  8555 | D:10     | Killed a two-headed ogre
  8556 | D:10     | Reached XP level 10. HP: 91/91 MP: 9/9
  8964 | D:8      | Noticed a two-headed ogre
  8975 | D:8      | Killed a two-headed ogre
  8976 | D:8      | Reached skill level 10 in Fighting
  8976 | D:8      | Reached skill level 10 in Armour
  9095 | D:8      | Noticed Prince Ribbit
  9109 | D:8      | Killed Prince Ribbit
  9805 | D:9      | Noticed a two-headed ogre
  9810 | D:9      | Killed a two-headed ogre
 10516 | D:10     | Reached XP level 11. HP: 102/102 MP: 10/10
 11266 | D:10     | Found a staircase to the Orcish Mines.
 11572 | D:11     | Found a transporter.
 11584 | D:11     | Reached ***** piety under Trog
 11770 | D:11     | Noticed a boulder beetle
 11802 | D:10     | Slain by a boulder beetle

Illustrated notes

Levels and vault maps discovered:
D:1:      sevenhm_arrival_forest_fort_small_3, layout_rooms
D:2:      layout_loops_corners, hangedman_decor_points, minmay_between
D:3:      layout_loops_corners, lemuel_tele_altar,
          shapermc_ecumenical_altar_hornbeckon, minmay_ruptured
D:4:      layout_cave_pools, dreamdust_gnoll_farm
D:5:      layout_basic, temple_green, kennysheep_pointless_box
D:6:      layout_gridville
D:7:      layout_loops_corners, grunt_livestock
D:8:      layout_basic, lair_entry_dummy, uniq_prince_ribbit1
D:9:      layout_basic
D:10:     layout_long_grid, david_orc_4, enter_bailey_4,
          nicolae_trove_entry_isolated, minmay_misc_feat_iff
D:11:     layout_basic, gammafunk_ghost_berserking_beasts, dk_noncrumbling_4,
          minmay_misc_feat_pillars, moated_statue

Skill      XL: |  1  2  3  4  5  6  7  8  9 10 11 |
---------------+----------------------------------+-----
Fighting       | 4 9 11 12 | 12.3
Axes           | 4 5 7 8 11 13 | 13.4
Armour         | 3 4 8 11 12 | 12.0
Dodging        | 3 |  3.0

Action                   |  1- 3 |  4- 6 |  7- 9 | 10-12 || total
-------------------------+-------+-------+-------+-------++-------
Melee: Hand axe          |    87 |   106 |   130 |   152 ||   475
       Headbutt          |     7 |    18 |    44 |    49 ||   118
       Punch             |       |     1 |     2 |     1 ||     4
       Spear             |       |       |   126 |    80 ||   206
Throw: Throwing net      |       |     1 |     1 |       ||     2
       Dart              |       |       |     3 |     3 ||     6
Invok: Berserk           |     1 |     1 |     6 |     8 ||    16
  Use: Scroll            |       |       |     2 |    13 ||    15
       Potion            |       |       |       |     2 ||     2
Armor: Chain mail        |    46 |    35 |       |       ||    81
       Ring mail         |       |     4 |    52 |    66 ||   122
       Plate armour      |       |       |       |    18 ||    18
Dodge: Dodged            |    37 |    52 |    90 |    77 ||   256
Block: Kite shield       |       |       |       |    47 ||    47

Table legend: (Time is in decaauts)
 A = Elapsed time spent in this place.
 B = Non-inter-level travel time spent in this place.
 C = Inter-level travel time spent in this place.
 D = Time resting spent in this place.
 E = Time spent auto-exploring this place.
 F = Levels seen in this place.
 G = Mean time per level.
                   A        B        C        D        E       F      G
               +--------+--------+--------+--------+--------+-----+--------+
         Total |  11832 |  11349 |    483 |   1585 |   7347 |  11 | 1075.6 |
       Dungeon |  11832 |  11349 |    483 |   1585 |   7347 |  11 | 1075.6 |
               +--------+--------+--------+--------+--------+-----+--------+

Top non-repeatable levels by time:
    D:10: 1635 daAuts
     D:7: 1625 daAuts
     D:3: 1578 daAuts
     D:2: 1201 daAuts
     D:5: 1034 daAuts
     D:6: 1007 daAuts
     D:4: 990 daAuts
     D:9: 931 daAuts
     D:1: 891 daAuts
     D:8: 887 daAuts
    D:11: 48 daAuts
